 Dungeon Crawl Stone Soup version 0.22-a0-254-gaf95ca0 (webtiles) character file.

11406 B1inky the Fighter (level 11, -6/93 HPs)
             Began as an Octopode Abyssal Knight on Mar 1, 2018.
             Was a High Priest of Lugonu.
             Mangled by a hippogriff (10 damage)
             ... on level 1 of the Lair of Beasts on Mar 5, 2018.
             The game lasted 00:40:04 (10502 turns).

B1inky the Fighter (Octopode Abyssal Knight)       Turns: 10502, Time: 00:40:05

Health: -6/93      AC:  1    Str: 15    XL:     11   Next: 77%
Magic:  9/15       EV: 15    Int: 15    God:    Lugonu [*****.]
Gold:   262        SH:  0    Dex: 11    Spells: 13/16 levels left

rFire    + . .     SeeInvis .   a - +2 hand axe
rCold    x . .     Gourm    .   (no shield)
rNeg     + . .     Faith    .   (helmet restricted)
rPois    +         Spirit   .   m - amulet of regeneration
rElec    .         Reflect  .   n - ring of poison resistance
rCorr    .         Harm     .   y - ring of positive energy
MR       .....                  j - ring of fire
Stlth    ++........             (no ring)
HPRegen  0.65/turn              (no ring)
MPRegen  0.14/turn              (no ring)
                                (no ring)
                                (no ring)

@: no status effects
A: almost no armour, stealthy swim, amphibious, 8 rings, constrict 8, repulsion
field 1, camouflage 1, mutation resistance 1, robust 1, gelatinous body 1
a: Depart the Abyss, Bend Space, Banish, Corrupt, Enter the Abyss, Renounce
Religion


You were on level 1 of the Lair of Beasts.
You worshipped Lugonu.
Lugonu was extremely pleased with you.
You were not hungry.

You visited 2 branches of the dungeon, and saw 9 of its levels.
You visited the Abyss 1 time.

You collected 418 gold pieces.
You spent 156 gold pieces at shops.

Inventory:

Hand Weapons
 a - a +2 hand axe (weapon)
 o - a +0 war axe
Missiles
 r - 14 tomahawks (quivered)
Jewellery
 j - a ring of fire (on tentacle)
 m - an amulet of regeneration (around mantle)
 n - a ring of poison resistance (left tentacle)
 y - a ring of positive energy (right tentacle)
 D - the ring "Garaiw" {rF+ AC-4}
   (You bought it in a shop on level 6 of the Dungeon)

   [ring of protection]

   It affects your AC (-4).
   It protects you from fire.
Wands
 u - a wand of paralysis (9)
 x - a wand of polymorph (11)
 G - a wand of flame (80)
 M - a wand of clouds (2)
Scrolls
 d - a scroll of random uselessness {unknown}
 e - 7 scrolls of teleportation
 f - 5 scrolls of magic mapping {unknown}
 g - 2 scrolls of enchant armour {unknown}
 i - 2 scrolls of blinking {unknown}
 k - a scroll of fear
 t - a scroll of enchant weapon
 w - a scroll of fog {unknown}
 B - a scroll of amnesia {unknown}
 F - a scroll of silence {unknown}
 H - a scroll of noise {unknown}
 O - a scroll of identify
Potions
 h - a potion of flight
 q - 3 potions of lignification
 s - 2 potions of magic
 E - 2 potions of might
 J - 4 potions of brilliance
 L - 2 potions of agility
 N - a potion of heal wounds {unknown}
 P - a potion of invisibility
Comestibles
 b - 15 rations


   Skills:
 + Level 11.8 Fighting
 * Level 11.2 Axes
 - Level 2.3 Dodging
 - Level 3.0 Spellcasting
 - Level 4.0 Conjurations
 - Level 4.0 Fire Magic
 - Level 6.2 Invocations


You had 13 spell levels left.
You knew the following spells:

 Your Spells              Type           Power        Failure   Level  Hunger
a - Conjure Flame         Conj/Fire      ###.....     12%         3    ###....


Dungeon Overview and Level Annotations

Branches:
Dungeon (8/15)             Temple (0/1) D:5            Lair (1/6) D:8

Altars:
Ashenzari
Cheibriados
Elyvilon
Fedhas
Makhleb
Vehumet
Xom
The Shining One

Shops:
D:6 *

Annotations:
D:3 mathieu's ghost, amateur FoFi
D:8 1 runed door


Innate Abilities, Weirdness & Mutations

You cannot wear most types of armour.
You are very stealthy in the water. (Stealth+)
You are amphibious.
You can wear up to eight rings at the same time.
You can use your tentacles to constrict eight enemies at once.
Your skin changes colour to match your surroundings (Stealth+).
Your rubbery body absorbs attacks. (AC +1, EV +1)
You are surrounded by a mild repulsion field. (EV +2)
You are somewhat resistant to further mutation.
You are robust. (+10% HP)


Message History

Unknown command.
You slash the hippogriff!
The hippogriff is almost dead.
The four-headed hydra is engulfed in blazing flames.
You kill the four-headed hydra!
Lugonu accepts your kill.
Unknown command.
You hit the hippogriff.
The hippogriff is almost dead.
The hippogriff bites you!
* * * LOW HITPOINT WARNING * * *
The hippogriff pecks you.
* * * LOW HITPOINT WARNING * * *
The hippogriff claws you.
* * * LOW HITPOINT WARNING * * *
Press: ? - help, Shift-Dir - straight line, f - hippogriff
Aim: a hippogriff (almost dead, chance to defeat MR: 81%)
The hippogriff barely resists.
You feel somewhat more hungry. The hippogriff bites you!
You die...

. ### P.....# .###.#
.#####.###.....# ## .....
........H......###.####.. .....
......................... .....
.................................
.................................
...............#....P#..... .....
..###.+#####..####..##....# #####
...........#..§H@....##...######P
..#...........##.....##....#.....
...........#..##.....##.>..#.....
..#........#..##..........##.....
...........#..##.....##....#.....
..#...........##......#...##.....
..#........#...##.#####...##.##..
...........#..#..######....####.#
>..##+.#+##......................


You could see a hippogriff.

Vanquished Creatures
  A hydra (Lair:1)
  Harold (D:8)
  2 two-headed ogres (D:8)
  4 spiny frogs
  Prince Ribbit (D:5)
  9 blink frogs (Lair:1)
  9 yaks
  A hungry ghost (D:7)
  4 soldier ants (D:8)
  4 water moccasins
  A porcupine (Lair:1)
  3 ice beasts
  2 orc warriors
  A phantom (D:5)
  5 black bears
  3 wolves (Lair:1)
  A centaur (D:6)
  2 crocodiles (Lair:1)
  3 bullfrogs
  A wyvern skeleton (D:7)
  8 killer bees (D:8)
  A howler monkey (D:5)
  A crimson imp (D:5)
  2 electric eels (Lair:1)
  3 hounds
  A jelly (D:5)
  A bullfrog skeleton (D:4)
  3 orc priests (D:7)
  3 orc wizards
  2 iguanas
  Ijyb (D:5)
  12 worker ants
  3 hound skeletons
  2 worker ant zombies
  2 howler monkey skeletons
  8 gnolls
  11 adders
  2 shadow imps
  A worm (D:4)
  3 dart slugs
  10 leopard geckos
  26 orcs
  6 bats
  3 giant cockroaches
  9 goblins
  7 hobgoblins
  8 jackals
  8 kobolds
  3 quokkas (D:3)
  4 ball pythons
  A frilled lizard (D:2)
  A jackal skeleton (D:4)
  A leopard gecko skeleton (D:8)
  2 quokka skeletons
  A quokka zombie (D:6)
  9 rats
227 creatures vanquished.

Vanquished Creatures (others)
  A water moccasin (D:8)
  An orc warrior (D:7)
  A fungus (Lair:1)
  2 plants (Lair:1)
5 creatures vanquished.

Grand Total: 232 creatures vanquished

Notes
Turn   | Place    | Note
-------+----------+-------------------------------------------
     0 | Abyss:1  | B1inky the Octopode Abyssal Knight began the quest for the Orb.
     0 | Abyss:1  | Reached XP level 1. HP: 16/16 MP: 2/2
    91 | Abyss:1  | Noticed a wretched star
    91 | Abyss:1  | Noticed a wretched star
    93 | D:1      | Escaped the Abyss
   251 | D:1      | Reached XP level 2. HP: 21/21 MP: 3/3
   303 | D:1      | Reached * piety under Lugonu
   359 | D:1      | Reached XP level 3. HP: 20/26 MP: 4/4
  1380 | D:2      | Reached XP level 4. HP: 31/31 MP: 5/5
  1523 | D:2      | Reached ** piety under Lugonu
  2024 | D:3      | Reached skill level 5 in Axes
  2024 | D:3      | Reached XP level 5. HP: 36/36 MP: 6/6
  2105 | D:3      | Noticed mathieu's ghost (amateur FoFi)
  3189 | D:4      | Reached XP level 6. HP: 25/42 MP: 7/7
  3311 | D:4      | HP: 1/42 [orc/short sword (5)]
  3315 | D:4      | Reached *** piety under Lugonu
  3744 | D:5      | Entered Level 5 of the Dungeon
  3760 | D:5      | Noticed an ice beast
  3775 | D:5      | Killed an ice beast
  3775 | D:5      | Reached XP level 7. HP: 43/46 MP: 8/8
  3817 | D:5      | Found a staircase to the Ecumenical Temple.
  3894 | D:5      | Found a glowing golden altar of the Shining One.
  3929 | D:5      | Noticed Prince Ribbit
  3953 | D:5      | Killed Prince Ribbit
  3953 | D:5      | Reached skill level 5 in Invocations
  4029 | D:5      | Reached XP level 8. HP: 18/52 MP: 11/11
  4193 | D:5      | Noticed Ijyb
  4230 | D:5      | Killed Ijyb
  4294 | D:5      | Found a burning altar of Makhleb.
  4411 | D:5      | Learned a level 3 spell: Conjure Flame
  4769 | D:6      | Gained mutation: You are robust. (+10% HP) [potion of mutation]
  4769 | D:6      | Gained mutation: You are surrounded by a mild repulsion field. (EV +2) [potion of mutation]
  5006 | D:6      | Reached skill level 1 in Spellcasting
  5006 | D:6      | Reached skill level 1 in Conjurations
  5006 | D:6      | Reached skill level 1 in Fire Magic
  5017 | D:6      | Reached **** piety under Lugonu
  5028 | D:6      | Found Xiadang's Assorted Antiques.
  5035 | D:6      | Bought a flickering lead ring for 100 gold pieces
  5035 | D:6      | Identified the cursed ring "Garaiw" {rF+ AC-4} (You bought it in a shop on level 6 of the Dungeon)
  5042 | D:6      | Bought a cyan potion for 18 gold pieces
  5042 | D:6      | Bought a scroll labeled BURGHU LUGRUEPA for 20 gold pieces
  5042 | D:6      | Bought a cyan potion for 18 gold pieces
  5121 | D:6      | Found a radiant altar of Vehumet.
  5338 | D:6      | Found a blossoming altar of Fedhas.
  5446 | D:7      | Upgraded the game from 0.22-a0-248-gc8378ba to 0.22-a0-254-gaf95ca0
  5564 | D:7      | Reached XP level 9. HP: 47/64 MP: 13/13
  6055 | D:7      | Reached skill level 5 in Fighting
  6438 | D:7      | Found a snail-covered altar of Cheibriados.
  6441 | D:7      | Found a shimmering altar of Xom.
  6443 | D:7      | Found a shattered altar of Ashenzari.
  6582 | D:8      | Found the +9 staff of Olgreb {rPois}
  6607 | D:8      | Found a runed gate.
  6608 | D:8      | Found a runed door.
  6637 | D:8      | Lost mutation: You are surrounded by a mild repulsion field. (EV +2) [potion of mutation]
  6637 | D:8      | Gained mutation: You are surrounded by a mild repulsion field. (EV +2) [potion of mutation]
  6637 | D:8      | Gained mutation: You are somewhat resistant to further mutation. [potion of mutation]
  6644 | D:8      | Found a runed gate.
  6644 | D:8      | Found a runed gate.
  6652 | D:8      | Found a runed door.
  6794 | D:8      | Found a staircase to the Lair.
  6874 | D:8      | Noticed a two-headed ogre
  6896 | D:8      | Killed a two-headed ogre
  7092 | D:8      | Noticed a two-headed ogre
  7118 | D:8      | Killed a two-headed ogre
  7118 | D:8      | Reached XP level 10. HP: 43/81 MP: 6/14
  7212 | D:8      | Found a white marble altar of Elyvilon.
  7956 | D:8      | Reached skill level 10 in Fighting
  8623 | Lair:1   | Entered Level 1 of the Lair of Beasts
  8623 | Lair:1   | Noticed Harold
  8665 | D:8      | Killed Harold
  8773 | Lair:1   | Noticed a spiny frog
  8786 | D:8      | Killed a spiny frog
  8820 | Lair:1   | Reached ***** piety under Lugonu
  8867 | Lair:1   | HP: 4/84 [blink frog (10)]
  8871 | Lair:1   | Noticed a spiny frog
  9003 | Lair:1   | Killed a spiny frog
  9003 | Lair:1   | Reached XP level 11. HP: 85/91 MP: 15/15
  9695 | Lair:1   | Reached skill level 10 in Axes
 10474 | Lair:1   | Noticed a four-headed hydra
 10500 | Lair:1   | Killed a four-headed hydra
 10501 | Lair:1   | HP: 3/93 [hippogriff (3)]
 10502 | Lair:1   | Mangled by a hippogriff

Vault maps used:
D:1:      mrwooster_arrival_statue_3, st_stairs_7
D:2:      first_ration, st_stairs_1, dk_noncrumbling_4
D:4:      grunt_ministairs_4
D:5:      overflow_temple_1_default, temple_fountains, minmay_fountain_box,
          makhleb_blood_cavern_becter, uniq_prince_ribbit1, uniq_ijyb
D:6:      vehumet_altar_wand_db, kennysheep_mini, serial_shops,
          nicolae_shop_trees
D:7:      minitemple
D:8:      nicolae_overflow_crystal_walls, lair_entry_dummy, grunt_pizzeria,
          minmay_guarded_unrand_staff_of_olgreb
Lair:1:   serial_bayou_shore_a, uniq_harold

Skill      XL: |  1  2  3  4  5  6  7  8  9 10 11 |
---------------+----------------------------------+-----
Axes           | 3 4 5 6 7 9 11 | 11.2
Invocations    | 5 6 |  6.2
Spellcasting   | 2 3 |  3.0
Conjurations   | 2 4 |  4.0
Fire Magic     | 2 4 |  4.0
Fighting       | 4 9 11 | 11.8
Dodging        | |  2.3

Action                   |  1- 3 |  4- 6 |  7- 9 | 10-12 || total
-------------------------+-------+-------+-------+-------++-------
Melee: Hand axe          |    72 |     3 |       |   189 ||   264
       Constrict         |    25 |    35 |    49 |    42 ||   151
       Tentacles         |     7 |    25 |    46 |    63 ||   141
       War axe           |       |   118 |   221 |    80 ||   419
       Unarmed           |       |       |    14 |       ||    14
Throw: Tomahawk          |       |     2 |    23 |    21 ||    46
 Cast: Conjure Flame     |       |       |     4 |    15 ||    19
Invok: Depart the Abyss  |     1 |       |       |       ||     1
       Bend Space        |       |       |     4 |     6 ||    10
       Banish            |       |       |     2 |     1 ||     3
Evoke: Wand              |       |     5 |    10 |    12 ||    27
  Use: Scroll            |       |     4 |     7 |     6 ||    17
       Potion            |       |       |     2 |     5 ||     7
 Stab: Sleeping          |     6 |     8 |     9 |     2 ||    25
       Paralysed         |       |     6 |    12 |     5 ||    23
  Eat: Chunk             |     1 |     7 |    10 |    10 ||    28
       Ration            |       |       |     1 |     1 ||     2
Armor: Skin              |    10 |     3 |    14 |    29 ||    56
Dodge: Dodged            |    52 |    77 |   150 |   169 ||   448

Table legend:
 A = Spawn XP
 B = Non-spawn XP
 C = Spawn XP percentage of total XP
 D = Spawn monster count
 E = Non-spawn monster count
 F = Spawn count percentage of total count
 G = Total turns spent on level
                    A         B        C        D         E        F      G
               +---------+---------+-------+---------+---------+-------+---------
         Total |       0 |   16295 |   0.0 |       0 |     228 |   0.0 | 10502
               +---------+---------+-------+---------+---------+-------+---------
           D:1 |       0 |      55 |   0.0 |       0 |      23 |   0.0 |   899
           D:2 |       0 |      98 |   0.0 |       0 |      28 |   0.0 |   951
           D:3 |       0 |     136 |   0.0 |       0 |      20 |   0.0 |  1199
           D:4 |       0 |     260 |   0.0 |       0 |      18 |   0.0 |   602
           D:5 |       0 |     949 |   0.0 |       0 |      24 |   0.0 |   994
           D:6 |       0 |     672 |   0.0 |       0 |      15 |   0.0 |   699
           D:7 |       0 |    1252 |   0.0 |       0 |      29 |   0.0 |  1137
           D:8 |       0 |    5666 |   0.0 |       0 |      40 |   0.0 |  2695
        Lair:1 |       0 |    7207 |   0.0 |       0 |      31 |   0.0 |  1233
               +---------+---------+-------+---------+---------+-------+---------
